 Dungeon Crawl Stone Soup version 0.29.1-1-gd02db6906a (webtiles) character file.

Game seed: 4708408162664660148

79 RascalDebosk the Magician (level 4, -9/33 HPs)
             Began as a Djinni Fire Elementalist on Oct 13, 2022.
             Killed by nerve-wracking pain
             ... invoked by an orc priest
              (12 damage)
             ... on level 3 of the Dungeon.
             The game lasted 00:18:37 (2046 turns).

RascalDebosk the Magician (DjFE)                    Turns: 2046, Time: 00:18:37

Health: -9/33      AC:  7    Str:  7    XL:     4   Next: 62%
Gold:   196        EV: 10    Int: 18    God:
                   SH:  0    Dex: 14

rFire   + + +      SeeInvis .   f - +0 rapier
rCold   x . .      Faith    .   (no shield)
rNeg    . . .      Spirit   .   j - +2 ring mail {rF+}
rPois   ∞          Reflect  .   (no helmet)
rElec   .          Harm     .   (no cloak)
rCorr   .          Rampage  .   (no gloves)
Will    .....                   (boots unavailable)
Stlth   +.........              (no amulet)
HPRegen 0.11/turn               (no ring)
MPRegen 0.00/turn               (no ring)

@: flying, very slightly contaminated
A: sickness immunity, fire resistance 2, cold vulnerability 1, float, innate
caster, HP casting, extra vitality 1
a: no special abilities


You were on level 3 of the Dungeon.
You visited 1 branch of the dungeon, and saw 3 of its levels.

You collected 252 gold pieces.
You spent 56 gold pieces at shops.

Inventory:

Hand Weapons
 f - a +0 rapier (weapon)
Armour
 a - a +0 robe
 j - a +2 ring mail of fire resistance (worn)
Magical Staves
 d - a staff of poison
Scrolls
 b - a scroll of noise {unknown}
 e - 6 scrolls of identify {unknown}
 g - 2 scrolls of enchant weapon {unknown}
 l - a scroll of teleportation {unknown}
 o - a scroll of fear {unknown}
Potions
 c - 3 potions of flight {unknown}
 h - a potion of might {unknown}
 i - 2 potions of attraction {unknown}
 k - a potion of invisibility {unknown}
 m - a potion of magic {unknown}
 n - a potion of cancellation {unknown}
 p - a potion of heal wounds {unknown}
 q - 2 potions of resistance {unknown}


   Skills:
 + Level 2.0 Fighting
 - Level 2.1 Dodging
 - Level 1.5 Stealth
 + Level 2.0 Unarmed Combat
 + Level 3.0 Spellcasting


You couldn't memorise any spells.
You knew the following spells:

 Your Spells              Type           Power      Damage    Failure   Level
a - Foxfire               Conj/Fire      52%        2x1d6     17%         1
b - Scorch                Fire           26%        2d6       26%         2
c - Conjure Flame         Conj/Fire      13%        6-21      45%         3
d - Inner Flame           Hex/Fire       13%        N/A       45%         3
e - Flame Wave            Conj/Fire      13%        2d6       86%         4
f - Beastly Appendage     Tmut           26%        N/A       17%         1
Your spell library was empty.

Dungeon Overview and Level Annotations

Branches:
Dungeon (3/15)

Altars:
Nemelex Xobeh

Shops:
D:1 (


Innate Abilities, Weirdness & Mutations

You are immune to sickness and miasma.
You are immune to poison.
Your flesh is very heat resistant. (rF++)
You are vulnerable to cold. (rC-)
You float through the air rather than walking.
You learn spells naturally, not from books.
Your magical power is your life essence.
You have superior vitality. (+4 MHP)


Message History

The kobold hits you but does no damage.
You barely miss the kobold.
The kobold is moderately wounded.
The kobold hits you but does no damage.
You miss the kobold.
The kobold is moderately wounded.
The kobold barely misses you.
You hit the kobold.
You kill the kobold!
Things that are here:
a +0 club; 5 stones; a kobold corpse
Found an escape hatch in the ceiling.
There is an escape hatch in the ceiling here.
p - a brown potion You now have 196 gold pieces (gained 11).
A ball python comes into view.
Found a leather armour.
The ball python hisses angrily.
A ball python is nearby!
Found a pair of glowing boots.
The ball python bites you but does no damage.
The ball python grabs you. The ball python constricts you.
The ball python barely misses you. The ball python constricts you.
You hit the ball python but do no damage.
The ball python barely misses you. The ball python constricts you.
You closely miss the ball python.
The ball python bites you but does no damage.
The ball python constricts you.
The ball python bites you but does no damage.
The ball python constricts you.
You hit the ball python.
The ball python is severely wounded.
The ball python bites you but does no damage.
The ball python constricts you.
You barely miss the ball python. You punch the ball python.
You kill the ball python!
You see here a ball python corpse.
You see here a +0 leather armour.
q - 2 blue potions You see here a +0 leather armour.
You see here a +1 pair of boots.
Found a stone staircase leading down.
An orc comes into view. It is wielding a +0 hand axe.
The orc shouts!
You hear a shout!
An orc comes into view. It is wielding a +0 flail.
An orc priest comes into view. It is wielding a +0 club.
The orc moves out of view.
Casting: Foxfire (safe; 17% risk of failure)
Press: ? - help, Q - select action, (/) - cycle Dir - look around, f - activate You conjure some foxfire!
The orc shouts!
An endoplasm comes into view.
The orc priest looks encouraged for a moment.
The foxfire hits the orc but does no damage.
Your foxfire dissipates!
The orc priest mumbles some strange prayers to Beogh against you.
Beogh smites you!
Ouch! That really hurt!
* * * LOW HITPOINT WARNING * * *
Casting: Foxfire (safe; 17% risk of failure)
Press: ? - help, Q - select action, (/) - cycle Dir - look around, f - activate You miscast Foxfire.
You are very lightly contaminated with residual magic.
Nothing appears to happen.
* * * LOW HITPOINT WARNING * * *
Casting: Foxfire (safe; 17% risk of failure)
Press: ? - help, Q - select action, (/) - cycle Dir - look around, f - activate You conjure some foxfire!
* * * LOW HITPOINT WARNING * * *
The orc hits you with a +0 hand axe.
* * * LOW HITPOINT WARNING * * *
The orc hits your foxfire with a +0 hand axe.
You barely miss the orc.
The foxfire hits the orc.
The orc is lightly wounded.
The foxfire hits the orc but does no damage.
The orc hits you but does no damage.
The orc priest calls upon Beogh to heal the orc.
The orc's wounds heal themselves!
Casting: Foxfire (safe; 17% risk of failure)
Press: ? - help, Q - select action, (/) - cycle Dir - look around, f - activate You conjure some foxfire!
* * * LOW HITPOINT WARNING * * *
The orc completely misses you. The endoplasm freezes you.
You are frozen.
You feel a terrible chill!
* * * LOW HITPOINT WARNING * * *
Casting: Foxfire (safe; 17% risk of failure)
Press: ? - help, Q - select action, (/) - cycle Dir - look around, f - activate You conjure some foxfire!
* * * LOW HITPOINT WARNING * * *
The foxfire hits the orc but does no damage.
The foxfire hits the orc.
The orc is moderately wounded.
The orc hits you but does no damage.
The orc hits your foxfire with a +0 hand axe.
The endoplasm hits you but does no damage.
The orc hits you but does no damage.
The orc priest calls down the wrath of Beogh upon you.
Pain shoots through your body!
You die...

##.### #.......##.#
###.### .....#
####.#####.#####.# .#.#)#
#.###.........# ...#.#
#.......####### ####.###
#####.### #.#.## #...#
#..#.## #...# ##.###.##
#voo####### #.## ##.###
#.@...o...#
##†###.)..###§vJ#####...o#
####..#.#..............
...
..##...#..........).... .
#.#....#................
#.#...##..#.###...#####.
#.#.(.......# #........
#.#...#####.# #...#####
#.#.#.# #.###...#


You could see an orc priest, 2 orcs and an endoplasm (ally target).

Vanquished Creatures
  3 adders (D:3)
  A dart slug (D:2)
  6 bats
  2 endoplasms
  5 giant cockroaches
  A goblin (D:2)
  2 hobgoblins
  5 jackals (D:2)
  3 kobolds (D:3)
  4 quokkas (D:2)
  A ball python (D:3)
  2 frilled lizards
  16 rats
51 creatures vanquished.

Vanquished Creatures (others)
  77 foxfires
77 creatures vanquished.

Grand Total: 128 creatures vanquished

Notes
Turn   | Place    | Note
-------+----------+-------------------------------------------
     0 | D:1      | RascalDebosk the Djinni Fire Elementalist began the quest
                  | for the Orb.
     0 | D:1      | RascalDebosk set off with the following spells memorised:
                  | Foxfire, Scorch, Conjure Flame, Inner Flame, Flame Wave.
     0 | D:1      | Reached XP level 1. HP: 15/15 MP: 0/0
   195 | D:1      | Reached XP level 2. HP: 20/22 MP: 0/0
   257 | D:1      | Found a faded altar of an unknown god.
   335 | D:1      | Found Doagioxy's Weapon Boutique.
   362 | D:1      | Bought a +0 rapier for 56 gold pieces
   566 | D:1      | Reached skill level 1 in Fighting
   814 | D:2      | Reached skill level 1 in Unarmed Combat
   929 | D:2      | Reached XP level 3. HP: 23/27 MP: 0/0
   929 | D:2      | Learned a level 1 spell: Beastly Appendage
  1342 | D:2      | Identified the +1 leather armour of Ingupsou {rC- Dex+7}
  1389 | D:2      | Found a sparkling altar of Nemelex Xobeh.
  1540 | D:3      | Reached XP level 4. HP: 31/33 MP: 0/0
  1763 | D:3      | Reached skill level 3 in Spellcasting
  2046 | D:3      | Killed from afar by an orc priest

Illustrated notes

Levels and vault maps discovered:
D:1:      zelgadis_glass_arrival_small, layout_basic,
          ebering_ecumenical_altar_abandoned, serial_shops, shop
D:2:      layout_rooms, basic_altar, minmay_rat_gold_closets
D:3:      layout_loops_cross, minmay_liquid_box

Skill      XL: |  1  2  3  4 |
---------------+-------------+-----
Fighting       | 1 2 |  2.0
Unarmed Combat | 1 2 |  2.0
Spellcasting   | 3 |  3.0
Dodging        | |  2.1
Stealth        | |  1.5

Action                   |  1- 3 |  4- 6 || total
-------------------------+-------+-------++-------
Melee: Unarmed           |     1 |       ||     1
       Rapier            |    56 |    56 ||   112
       Punch             |       |     1 ||     1
 Cast: Foxfire           |    39 |     5 ||    44
 Stab: Sleeping          |     2 |       ||     2
Armor: Robe              |    12 |       ||    12
       Ring mail         |     9 |    32 ||    41
Dodge: Dodged            |    32 |    29 ||    61
